 Dungeon Crawl Stone Soup version 0.30-a0-54-g2e61a25929 (webtiles) character file.

Game seed: 3942600086011617402

1783 IdlyInterested the Cleaver (level 9, -6/63 HPs)
             Began as a Formicid Gladiator on Sept 8, 2022.
             Mangled by SensoryNuts's ghost (13 damage)
             ... on level 5 of the Dungeon.
             The game lasted 00:20:10 (5500 turns).

IdlyInterested the Cleaver (Formicid Gladiator)     Turns: 5500, Time: 00:20:11

Health: -6/63      AC: 15    Str: 20      XL:     9   Next: 29%
Magic:  9/9        EV:  3    Int:  8 (9)  God:
Gold:   86         SH:  0    Dex: 19      Spells: 8/8 levels left

rFire   + + .      SeeInvis +    q - +4 war axe of Corporal Punishment {speed, rF+ Str+2}
rCold   + . .      Faith    .    (no shield)
rNeg    . . .      Spirit   .    m - +1 gold dragon scales
rPois   +          Reflect  .    (helmet unavailable)
rElec   .          Harm     .    u - +0 cloak {Will+}
rCorr   .          Rampage  .    (no gloves)
Will    +....                    (no boots)
Stlth   ..........               (no amulet)
HPRegen 0.20/turn                (no ring)
MPRegen 0.11/turn                (no ring)

@: mighty, weakened, invisible
A: permanent stasis, dig shafts and tunnels, antennae 3, four strong arms
a: Dig, Shaft Self


You were on level 5 of the Dungeon.
You visited 2 branches of the dungeon, and saw 6 of its levels.

You collected 212 gold pieces.
You spent 126 gold pieces at shops.

Inventory:

Hand Weapons
 a - a +1 war axe
 f - a +2 hand axe of freezing
 n - a +0 trident
 q - the +4 war axe of Corporal Punishment (weapon) {speed, rF+ Str+2}
   (You took it off a kobold on level 4 of the Dungeon)

   Attacks with this weapon are significantly faster.
   Str:       It affects your strength (+2).
   rF:        It protects you from fire.
 w - the +7 mace "Piaz Jia" {flame, Str-4 Int+5}
   (You found it on level 5 of the Dungeon)

   It burns those it strikes, dealing additional fire damage.
   Str:       It affects your strength (-4).
   Int:       It affects your intelligence (+5).
Missiles
 c - 3 throwing nets
 d - a javelin
 l - 15 poisoned darts (quivered)
 p - a curare-tipped dart
Armour
 g - the +4 robe of Augmentation {Str+4 Int+4 Dex+4}
   (You found it on level 3 of the Dungeon)

   Str:       It affects your strength (+4).
   Int:       It affects your intelligence (+4).
   Dex:       It affects your dexterity (+4).
 m - +1 gold dragon scales (worn)
 r - the +0 robe of Xatioh {rF++ Int+4 Stlth-}
   (You found it on level 5 of the Dungeon)

   Int:       It affects your intelligence (+4).
   rF:        It greatly protects you from fire.
   Stlth:     It makes you less stealthy.
 u - a +0 cloak of willpower (worn)
Wands
 o - a wand of polymorph (4)
Scrolls
 i - a scroll of enchant weapon
 t - 2 scrolls of magic mapping
Potions
 b - a potion of brilliance
 h - a potion of lignification
 j - 2 potions of attraction
 v - a potion of flight


   Skills:
 - Level 3.0 Fighting
 * Level 8.9 Axes
 - Level 3.0 Throwing
 - Level 3.0 Armour
 - Level 2.6 Dodging
 + Level 7.5 Shields
 - Level 3.0 Evocations


You had 8 spell levels left.
You didn't know any spells.
Your spell library contained the following spells:

 Spells                   Type           Power      Damage    Failure   Level
 Beastly Appendage        Tmut           0%         N/A       100%        1
 Slow                     Hex            0%         N/A       100%        1
 Wereblood                Tmut           0%         N/A       100%        2
 Confusing Touch          Hex            0%         N/A       100%        3
 Spider Form              Tmut/Pois      0%         N/A       100%        3
 Vampiric Draining        Necr           0%         2d6       100%        3
 Dispersal                Tloc           0%         N/A       100%        6
 Disjunction              Tloc           0%         N/A       100%        8


Dungeon Overview and Level Annotations

Branches:
Dungeon (5/15)             Temple (1/1) D:4

Altars:
Cheibriados
Elyvilon
Gozag
Hepliaklqana
Kikubaaqudgha
Nemelex Xobeh
Okawaru
Qazlal
Sif Muna
Trog
Uskayaw
Vehumet
Wu Jian
Xom
Yredelemnul
Zin

Shops:
D:4 [

Annotations:
D:5 1 transporter, SensoryNuts's ghost, novice HOFi


Innate Abilities, Weirdness & Mutations

You cannot be hasted, slowed, berserked, paralysed or teleported.
You can dig through walls and to a lower floor.
You have a pair of large antennae on your head. (SInv)
Your four strong arms can wield two-handed weapons with a shield.


Message History

You barely miss the gnoll bouda. The gnoll hits you but does no damage.
The gnoll bouda gazes fiercely through you!
You feel as though you will be weak longer.
The gnoll bouda hits you with a +0 whip.
Okay, then.
You slash the gnoll bouda!
The gnoll bouda is severely wounded.
The gnoll is no longer moving quickly.
The gnoll barely misses you.
The gnoll bouda barks out a call to the hunt!
The gnoll picks up the pace!
You closely miss the gnoll bouda.
The gnoll bouda is severely wounded.
The gnoll hits you from afar with a +0 spear.
* * * LOW HITPOINT WARNING * * *
The gnoll bouda hits you with a +0 whip.
* * * LOW HITPOINT WARNING * * *
You slash the gnoll bouda!
You kill the gnoll bouda!
You feel better.
The gnoll zaps a wand.
The bolt of light hits you!
* * * LOW HITPOINT WARNING * * *
Okay, then.
Aiming: Polymorph
Press: ? - help, Shift-Dir - straight line, f - gnoll
Aim: a gnoll, wielding a +0 spear and carrying a wand of light (7) (covering ground quickly, will become a frilled lizard, a goblin, or a dart slug, chance to affect: 65%)
The gnoll struggles to resist.
The gnoll zaps a wand.
The bolt of light hits you!
* * * LOW HITPOINT WARNING * * *
You feel better.
You feel better.
The gnoll hits you from afar with a +0 spear.
* * * LOW HITPOINT WARNING * * *
You fade into invisibility!
The gnoll hits you but does no damage.
You hit SensoryNuts's ghost but do no damage.
SensoryNuts's ghost hits you!
* * * LOW HITPOINT WARNING * * *
You slash SensoryNuts's ghost!
SensoryNuts's ghost is moderately damaged.
SensoryNuts's ghost hits you!
You die...

###.#.#..≈≈≈≈≈≈≈≈~≈≈≈≈≈≈≈≈..#
.##.#.#..≈≈####.....####≈≈..#
.##......≈≈#..#8###8#..#≈≈..#
.........≈≈##.###.###.##≈≈..#
...##....≈≈#...........#≈≈..#
..###....≈≈###.##'##.###≈≈..#
..##.....≈≈..#.#P..#.#..≈≈..#
..##.#...≈≈.##.'...'.##.≈≈..#
.....(...≈≈.#..#@..#..#.≈≈..#
#..).....≈≈.##.##W##.##.≈≈..#
####.###.....#.#.g)#.#..≈≈..#
####.###....©#)))©g'.#©.~~..#
..##.........#.#8)8#.#(.≈≈..#
..#####..≈≈.##.#####.##.≈≈..#
..## ##.≈≈.#©g# #..#.≈≈..#
...# #.≈≈.##.# #.##.≈≈..#
...# #.≈≈..#.#$ #.#..≈≈..#


You could see SensoryNuts's ghost (unable to see you) and 2 gnolls.

Vanquished Creatures
  A blink frog (D:5)
  2 black bears
  A boggart (D:5)
  A centaur (D:5)
  An ogre (D:5)
  A phantom (D:5)
  A kobold brigand (D:4)
  A gnoll sergeant (D:5)
  3 scorpions (D:5)
  A necrophage (D:5)
  4 wights (D:4)
  2 hounds (D:4)
  A gnoll bouda (D:5)
  3 orc priests (D:4)
  An iguana (D:4)
  An orc wizard (D:4)
  11 gnolls
  7 adders
  An ufetubus (D:4)
  3 dart slugs
  13 orcs
  4 bats
  6 endoplasms
  5 giant cockroaches
  6 hobgoblins
  10 jackals
  6 quokkas
  6 ball pythons
  A frilled lizard (D:2)
  8 goblins
  24 kobolds
  8 rats
144 creatures vanquished.

Vanquished Creatures (collateral kills)
  An adder (D:2)
1 creature vanquished.

Vanquished Creatures (others)
  48 plants
  4 toadstools (D:1)
52 creatures vanquished.

Grand Total: 197 creatures vanquished

Notes
Turn   | Place    | Note
-------+----------+-------------------------------------------
     0 | D:1      | IdlyInterested the Formicid Gladiator began the quest for
                  | the Orb.
     0 | D:1      | Reached XP level 1. HP: 16/16 MP: 1/1
    85 | D:1      | Reached skill level 1 in Shields
    85 | D:1      | Reached XP level 2. HP: 22/22 MP: 2/2
   542 | D:1      | Reached skill level 1 in Armour
   878 | D:1      | Reached XP level 3. HP: 15/27 MP: 3/3
  1260 | D:2      | Reached XP level 4. HP: 12/33 MP: 4/4
  1265 | D:2      | Reached skill level 4 in Axes
  1893 | D:3      | Reached XP level 5. HP: 17/38 MP: 5/5
  2030 | D:3      | Noticed a black bear
  2294 | D:3      | Killed a black bear
  2295 | D:3      | Reached skill level 5 in Axes
  2295 | D:3      | Reached XP level 6. HP: 43/44 MP: 6/6
  2742 | D:3      | Found the +4 robe of Augmentation {Str+4 Int+4 Dex+4}
  2998 | D:4      | Reached XP level 7. HP: 44/51 MP: 7/7
  3092 | D:4      | Identified the +4 war axe of Corporal Punishment {speed,
                  | rF+ Str+2}
  3271 | D:4      | Reached skill level 6 in Axes
  3278 | D:4      | Found a staircase to the Ecumenical Temple.
  3296 | Temple   | Entered the Ecumenical Temple
  3668 | D:4      | Reached skill level 5 in Shields
  3697 | D:4      | Reached XP level 8. HP: 33/58 MP: 8/8
  4005 | D:4      | Found Zeiph's Armour Shop.
  4493 | D:4      | Bought a +0 cloak of willpower for 126 gold pieces
  4564 | D:5      | Entered Level 5 of the Dungeon
  4675 | D:5      | Reached skill level 7 in Axes
  4713 | D:5      | Found a hazy altar of Hepliaklqana.
  4723 | D:5      | Identified the +7 mace "Piaz Jia" {flame, Str-4 Int+5}
  4736 | D:5      | Reached skill level 1 in Evocations
  5114 | D:5      | Identified the +0 robe of Xatioh {rF++ Int+4 Stlth-}
  5145 | D:5      | Found a transporter.
  5146 | D:5      | Found a transporter.
  5292 | D:5      | Found a sparkling altar of Nemelex Xobeh.
  5400 | D:5      | Reached skill level 8 in Axes
  5400 | D:5      | Reached XP level 9. HP: 63/63 MP: 9/9
  5470 | D:5      | Noticed a blink frog
  5470 | D:5      | a gnoll sergeant changed into a blink frog
  5479 | D:5      | Killed a blink frog
  5480 | D:5      | Noticed SensoryNuts's ghost (novice HOFi)
  5493 | D:5      | HP: 1/63 [gnoll/bolt of light (16)]
  5500 | D:5      | Mangled by SensoryNuts's ghost

Illustrated notes

Levels and vault maps discovered:
D:1:      ldierk_water_garden, layout_rooms, chequers_serial_rivers_micro_c
D:2:      layout_basic, minmay_circle_x
D:3:      layout_basic, st_stairs_2
D:4:      kennysheep_kobold_camp, layout_basic, minmay_temple_entry_mist,
          serial_shops, nicolae_shop_statue_plus
D:5:      layout_loops_cross, lemuel_crystal_altar,
          nemelex_diamond_rough_becter, gammafunk_ghost_gnarly_gnolls
Temple:   nicolae_temple_great_sept

Skill      XL: |  1  2  3  4  5  6  7  8  9 |
---------------+----------------------------+-----
Shields        | 1 2 3 4 5 6 7 |  7.5
Armour         | 1 2 3 |  3.0
Axes           | 4 5 6 8 |  8.9
Fighting       | 3 |  3.0
Throwing       | 3 |  3.0
Evocations     | 2 3 |  3.0
Dodging        | |  2.6

Action                   |  1- 3 |  4- 6 |  7- 9 || total
-------------------------+-------+-------+-------++-------
Melee: War axe           |    62 |     5 |   188 ||   255
       Punch             |     1 |     2 |     5 ||     8
       Hand axe          |       |    82 |    62 ||   144
Throw: Dart              |       |     2 |     5 ||     7
 Abil: Dig               |       |       |     1 ||     1
Evoke: Wand              |       |       |     3 ||     3
  Use: Scroll            |    11 |     3 |     1 ||    15
       Potion            |       |     2 |     7 ||     9
Armor: Leather armour    |     7 |       |       ||     7
       Gold dragon scale |    37 |   111 |   161 ||   309
Dodge: Dodged            |    24 |    13 |    26 ||    63

Table legend: (Time is in decaauts)
 A = Elapsed time spent in this place.
 B = Non-inter-level travel time spent in this place.
 C = Inter-level travel time spent in this place.
 D = Time resting spent in this place.
 E = Time spent auto-exploring this place.
 F = Levels seen in this place.
 G = Mean time per level.
                   A        B        C        D        E       F      G
               +--------+--------+--------+--------+--------+-----+--------+
         Total |   5493 |   4922 |    571 |   1220 |   2458 |   6 |  915.5 |
       Dungeon |   5408 |   4849 |    559 |   1220 |   2398 |   5 | 1081.6 |
        Temple |     84 |     72 |     12 |      0 |     60 |   1 |   84.0 |
               +--------+--------+--------+--------+--------+-----+--------+

Top non-repeatable levels by time:
     D:4: 1537 daAuts
     D:1: 1159 daAuts
     D:3: 1151 daAuts
     D:5: 839 daAuts
     D:2: 721 daAuts
  Temple: 84 daAuts
